Match 23423818
Unlisted

Match 23423818
End
Selects Italian Coastal Battlegroup
Selects Coastal Reserves
Coastal Reserve
Construct Infanterie Kompanie
Coastal Reserve
Coastal Reserve
Selects Support Bunkers
Medical Bunker
GrW 34 Mortar Team
Construct Luftwaffe Kompanie
Selects Artillery Officer
MG 42 Bunker
221 Scout Car
Artillery Officer
Anti-tank Bunker
Construct Panzer Kompanie
MG 42 Bunker
Selects Obice da 210/22 Artillery Emplacement
Flak 30 Anti-aircraft Gun Team
Anti-tank Bunker
Anti-tank Bunker
Anti-tank Bunker
Panzer IV Medium Tank
Selects Designated Artillery Overwatch
Selects Bulwark
Anti-tank Bunker
Anti-tank Bunker
Artillery Officer
Repair Bunker
Panzer Officer Quarters
Side Skirts
MG 42 Bunker
Support Elements
Designated Artillery Overwatch
Sturmpanzer IV Brummbär
Anti-tank Bunker
Anti-tank Bunker
Anti-tank Bunker
Marder III M Tank Destroyer
Sturmpanzer IV Brummbär
Anti-tank Bunker
Anti-tank Bunker
Designated Artillery Overwatch
Wirbelwind Flakpanzer
DanceFKRdance
mr_ako
Batemanis
Arthyom
0
0

Comments sign in to comment!

No comments posted yet!